 Dungeon Crawl Stone Soup version 0.21-a0-70-g32e1473 (webtiles) character file.

4991 KristoblXynda the Covert (level 10, -10/53 HPs)
             Began as a Kobold Gladiator on June 18, 2017.
             Was a Priest of Nemelex Xobeh.
             Killed by the air
             ... invoked by Gastronok
              (25 damage)
             ... on level 9 of the Dungeon.
             The game lasted 00:21:02 (8111 turns).

KristoblXynda the Covert (Kobold Gladiator)         Turns: 8111, Time: 00:21:03

Health: -10/53     AC:  6    Str: 11    XL:     10   Next: 83%
Magic:  0/25       EV: 20    Int: 13    God:    Nemelex Xobeh [***...]
Gold:   430        SH:  0    Dex: 17    Spells: 9/9 levels left

rFire    . . .     SeeInvis +   u - +4 dagger (drain)
rCold    . . .     Gourm    .   (shield restricted)
rNeg     . . .     Faith    .   D - +1 troll leather armour
rPois    .         Spirit   +   (helmet restricted)
rElec    .         Reflect  .   C - scarf {Spirit}
rCorr    .         Harm     .   m - +0 pair of gloves
MR       .....                  (no boots)
Stlth    +++++.....             (no amulet)
HPRegen  0.57/turn              a - ring of magical power
MPRegen  0.19/turn              (no ring)

@: lethally poisoned (-10 -> -11), about to teleport
A: horns 1, see invisible, carnivore 3
a: Triple Draw, Renounce Religion


You were on level 9 of the Dungeon.
You worshipped Nemelex Xobeh.
Nemelex Xobeh was most pleased with you.
You were not hungry.

You visited 2 branches of the dungeon, and saw 10 of its levels.

You collected 494 gold pieces.
You spent 64 gold pieces at shops.

Inventory:

Hand Weapons
 u - a +4 dagger of draining (weapon)
Missiles
 d - 3 throwing nets (quivered)
Armour
 m - a +0 pair of gloves (worn)
 C - a scarf of spirit shield (worn)
 D - a +1 troll leather armour (worn)
Jewellery
 a - a ring of magical power (left hand)
Wands
 p - a wand of digging (19/24)
 q - a wand of iceblast (12/15)
Scrolls
 e - 2 scrolls of magic mapping
 g - 3 scrolls of teleportation
 j - a scroll of enchant armour
 n - a scroll of recharging
 s - 6 scrolls of remove curse
 t - 2 scrolls of amnesia
 z - 3 scrolls of fear
 B - 2 scrolls of fog
Potions
 c - a potion of degeneration
 i - 3 potions of curing
 l - a potion of mutation {unknown}
 o - 3 potions of agility
 r - 5 potions of brilliance
 v - 2 potions of heal wounds
 w - a potion of flight
 F - a potion of might
 G - 3 potions of lignification
 H - a potion of berserk rage
 I - 2 potions of haste
Books
 x - a book of Geomancy

   Spells                             Type                      Level
   a - Sandblast                      Earth                        1
   b - Passwall                       Transmutation/Earth          2
   c - Stone Arrow                    Conjuration/Earth            3
   d - Petrify                        Transmutation/Earth          4
   e - Lee's Rapid Deconstruction     Earth                        5
Miscellaneous
 b - a legendary deck of destruction {drawn: 1}
 h - an ornate deck of destruction
 A - a plain deck of escape {drawn: 1}
 E - a plain deck of destruction
 J - a plain deck of destruction
Comestibles
 f - 4 meat rations
 k - 16 royal jellies


   Skills:
 - Level 2.1 Fighting
 - Level 6.7 Short Blades
 - Level 2.1 Throwing
 - Level 8.0 Dodging
 + Level 11.4 Stealth
 + Level 7.8 Invocations
 + Level 9.3 Evocations


You had 9 spell levels left.
You didn't know any spells.

Dungeon Overview and Level Annotations

Branches:
Dungeon (9/15)             Temple (1/1) D:5
   Lair: D:8-11         Orc: D:9-12

Altars:
Ashenzari
Cheibriados
Dithmenos
Elyvilon
Fedhas
Gozag
Hepliaklqana
Kikubaaqudgha
Makhleb
Nemelex Xobeh
Okawaru
Qazlal
Ru
Trog
Uskayaw
Vehumet
Wu Jian
Xom
Yredelemnul
Zin
The Shining One

Shops:
D:5 !   D:8 ?

Annotations:
D:9 Gastronok


Innate Abilities, Weirdness & Mutations

You are small and have problems with some larger weapons.
You are carnivorous and can eat meat at any time.
You have a pair of small horns on your head.
You have supernaturally acute eyesight. (SInv)


Message History

You hit the scorpion.
You kill the scorpion!
You feel sick. The hound completely misses you. The hound bites you.
The hound barely misses you.
Gastronok waves his eye-stalks in wide circles.
The air twists around and strikes you!
* * * LOW HITPOINT WARNING * * *
The hound barely misses you.
You see here a scorpion corpse.
You feel sick. The hound bites you but does no damage.
Gastronok's eyestalks quiver as he mumbles some strange words.
Gastronok puts on a burst of speed!
Unknown command.
As you read the scroll of teleportation, it crumbles to dust.
You feel strangely unstable. The hound bites you but does no damage.
The hound closely misses you.
Gastronok waves his eye-stalks in wide circles.
The air twists around and strikes you!
You die...
Your body disappears without a glow.

#.......... ##..####..##
#.. ....# .# #.. ....# #..
.# ##..# #.. ..### #..# .#
#.. .....
#..####..####.?#####....
#>....................#
#..............@h.....#
##..####..####.........#
....# .# #....†.w..# ....#
#.........# ##..# #..#
#.........#
#..####..####.........#
#..............?.........
#..............#####......
##..####..####..# #..####
#


You could see Gastronok and a hound.

Vanquished Creatures
  A troll (D:7)
  2 hornets (D:8)
  2 hungry ghosts (D:8)
  Edmund (D:4)
  A soldier ant (D:8)
  A black bear (D:7)
  3 ice beasts
  2 sky beasts
  7 ogres
  A necrophage (D:8)
  A centaur (D:6)
  3 big kobolds
  3 bullfrogs
  3 scorpions
  11 killer bees (D:7)
  5 wights
  2 howler monkeys
  3 crimson imps
  A centaur zombie (D:9)
  3 hounds
  A jelly (D:7)
  2 bullfrog skeletons (D:7)
  3 orc priests
  3 orc wizards
  Jessica (D:2)
  Natasha (twice) (D:4)
  8 worker ants
  2 hound zombies (D:5)
  A hound skeleton (D:6)
  A worker ant zombie (D:4)
  A gnoll (D:8)
  5 adders
  A shadow imp (D:7)
  3 oozes
  A worm (D:4)
  2 dart slugs
  4 leopard geckos
  20 orcs
  2 ball pythons
  6 giant cockroaches
  2 goblins (D:3)
  8 hobgoblins
  2 jackals (D:1)
  4 quokkas
  A ball python skeleton (D:5)
  3 bats
  9 frilled lizards
  18 kobolds
  8 rats
180 creatures vanquished.

Vanquished Creatures (collateral kills)
  A hornet (D:8)
  3 wights (D:6)
4 creatures vanquished.

Vanquished Creatures (others)
  2 wights (D:8)
  2 orcs (D:8)
4 creatures vanquished.

Grand Total: 188 creatures vanquished

Notes
Turn   | Place    | Note
-------+----------+-------------------------------------------
     0 | D:1      | KristoblXynda the Kobold Gladiator began the quest for the Orb.
     0 | D:1      | Reached XP level 1. HP: 12/12 MP: 1/1
    53 | D:1      | Reached skill level 1 in Stealth
   258 | D:1      | Reached XP level 2. HP: 17/17 MP: 2/2
   770 | D:1      | Reached XP level 3. HP: 19/21 MP: 3/3
   996 | D:2      | Noticed Jessica
  1016 | D:2      | Killed Jessica
  1016 | D:2      | Reached skill level 2 in Stealth
  1035 | D:2      | Reached XP level 4. HP: 15/26 MP: 4/4
  1335 | D:2      | Found a glowing golden altar of the Shining One.
  1523 | D:2      | Found a white marble altar of Elyvilon.
  1523 | D:2      | Found an opulent altar of Gozag.
  1735 | D:3      | Found a shadowy altar of Dithmenos.
  1761 | D:3      | Reached skill level 5 in Short Blades
  1782 | D:3      | Found a hide-covered altar of Uskayaw.
  1827 | D:3      | Reached skill level 3 in Stealth
  2090 | D:3      | Reached XP level 5. HP: 30/30 MP: 5/5
  2291 | D:3      | Reached skill level 5 in Dodging
  2516 | D:4      | Noticed Natasha
  2524 | D:4      | Killed Natasha
  2583 | D:4      | Reached skill level 4 in Stealth
  2583 | D:4      | Reached skill level 1 in Evocations
  2583 | D:4      | Reached XP level 6. HP: 34/35 MP: 6/6
  2595 | D:4      | Noticed an ogre
  2616 | D:4      | Killed an ogre
  2654 | D:4      | Found a glowing silver altar of Zin.
  2750 | D:4      | Noticed Edmund
  2787 | D:4      | Killed Edmund
  2787 | D:4      | Reached skill level 5 in Stealth
  2787 | D:4      | Reached XP level 7. HP: 40/40 MP: 8/8
  3085 | D:4      | Noticed Natasha
  3093 | D:4      | Killed Natasha
  3206 | D:5      | Entered Level 5 of the Dungeon
  3218 | D:5      | Found a staircase to the Ecumenical Temple.
  3227 | Temple   | Entered the Ecumenical Temple
  3288 | Temple   | Became a worshipper of Nemelex Xobeh the Trickster
  3298 | Temple   | Received a gift from Nemelex Xobeh
  3408 | D:5      | Found Fiusec's Distillery.
  3495 | D:5      | Found a shimmering altar of Xom.
  3498 | D:5      | Received a gift from Nemelex Xobeh
  3527 | D:5      | Reached skill level 1 in Invocations
  4028 | D:5      | Reached * piety under Nemelex Xobeh
  4573 | D:6      | Received a gift from Nemelex Xobeh
  4728 | D:6      | Reached skill level 6 in Stealth
  4728 | D:6      | Reached XP level 8. HP: 44/44 MP: 10/10
  4973 | D:6      | Reached skill level 7 in Stealth
  5144 | D:6      | Reached skill level 5 in Evocations
  5362 | D:6      | Reached XP level 9. HP: 43/48 MP: 12/12
  5366 | D:6      | Gained mutation: You have a pair of small horns on your head. [mutagenic meat]
  5367 | D:6      | Gained mutation: You have supernaturally acute eyesight. (SInv) [mutagenic meat]
  5414 | D:6      | Found a shattered altar of Ashenzari.
  5481 | D:7      | Received a gift from Nemelex Xobeh
  5511 | D:7      | Reached skill level 8 in Stealth
  5652 | D:7      | Reached ** piety under Nemelex Xobeh
  5894 | D:7      | Reached skill level 5 in Invocations
  6159 | D:7      | Found a stormy altar of Qazlal.
  6269 | D:7      | Noticed a troll
  6276 | D:7      | Killed a troll
  6276 | D:7      | Reached skill level 9 in Stealth
  6378 | D:8      | Reached XP level 10. HP: 53/53 MP: 15/15
  6585 | D:8      | Received a gift from Nemelex Xobeh
  6666 | D:8      | Reached skill level 10 in Stealth
  6838 | D:8      | Found a hazy altar of Hepliaklqana.
  6994 | D:8      | Found Uxypeit's Magic Scroll Shoppe.
  6998 | D:8      | Bought a scroll of identify for 32 gold pieces
  6998 | D:8      | Bought a scroll of identify for 32 gold pieces
  7047 | D:8      | Paralysed by a hornet for 2 turns
  7491 | D:8      | Reached skill level 11 in Stealth
  7692 | D:9      | Received a gift from Nemelex Xobeh
  7965 | D:9      | Found an ancient bone altar of Kikubaaqudgha.
  7991 | D:9      | Found a blossoming altar of Fedhas.
  8038 | D:9      | Reached *** piety under Nemelex Xobeh
  8096 | D:9      | Received a gift from Nemelex Xobeh
  8098 | D:9      | Noticed Gastronok
  8111 | D:9      | Killed from afar by Gastronok

Vault maps used:
D:1:      dpeg_arrival_arbitrary_c
D:2:      lemuel_crystal_altar, gammafunk_temple_overflow_elements, uniq_jessica
D:3:      nicolae_overflow_crystal_walls, eat_drink_and_be_merry_uskayaw,
          first_bread
D:4:      marbit_many_paths, uniq_edmund, uniq_natasha
D:5:      temple_hall, basic_altar, serial_shops, shop
D:6:      lemuel_round_altar
D:7:      grunt_qazlal_sundering
D:8:      lemuel_doored_altar, serial_shops, shop, hangedman_pestilent_swarm
D:9:      grunt_temple_overflow_growth_and_decay, led_sif_pool,
          kennysheep_generic_room_13, uniq_gastronok
Temple:   jpeg_temple_alley_garden

Skill      XL: |  1  2  3  4  5  6  7  8  9 10 |
---------------+-------------------------------+-----
Stealth        | 1 2 3 4 5 6 7 9 11 | 11.4
Dodging        | 4 5 6 7 8 |  8.0
Short Blades   | 5 6 |  6.7
Evocations     | 1 2 3 5 7 9 |  9.3
Invocations    | 2 3 5 7 |  7.8
Fighting       | |  2.1
Throwing       | |  2.1

Action                   |  1- 3 |  4- 6 |  7- 9 | 10-12 || total
-------------------------+-------+-------+-------+-------++-------
Melee: Rapier            |    48 |    65 |       |       ||   113
       Dagger            |       |   147 |   265 |   238 ||   650
       Headbutt          |       |       |    10 |    47 ||    57
Evoke: Deck              |       |       |    10 |    11 ||    21
  Use: Scroll            |       |     4 |    15 |     6 ||    25
       Potion            |       |     1 |       |     3 ||     4
 Stab: Sleeping          |     3 |     9 |    19 |     6 ||    37
       Distracted        |       |     1 |     1 |     1 ||     3
  Eat: Chunk             |     9 |     5 |    14 |    10 ||    38
Armor: Leather armour    |     8 |    31 |    38 |       ||    77
       Skin              |       |    11 |       |       ||    11
       Troll leather arm |       |       |       |    28 ||    28
Dodge: Dodged            |    30 |   146 |   187 |   182 ||   545
